 Dungeon Crawl Stone Soup version 0.30-a0-359-gd0147acb1a (webtiles) character file.

Game seed: 9951134312224533896

674 mcwallace the Firebug (level 7, -5/46 HPs)
             Began as an Octopode Fire Elementalist on Nov 11, 2022.
             Slain by a gnoll
             ... wielding a +0 long sword
             ... led by a gnoll sergeant
              (6 damage)
             ... on level 5 of the Dungeon.
             The game lasted 00:08:28 (4249 turns).

mcwallace the Firebug (Octopode Fire Elementalist)  Turns: 4249, Time: 00:08:29

Health: -5/46      AC:  5    Str:  8    XL:     7   Next: 59%
Magic:  5/12       EV: 14    Int: 19    God:
Gold:   209        SH:  0    Dex: 12    Spells: 10/13 levels left

rFire   + . .      SeeInvis .    d - +1 rapier (speed) {short}
rCold   . . .      Faith    .    p - orb {light}
rNeg    . . .      Spirit   .    (helmet restricted)
rPois   .          Reflect  .    (no amulet)
rElec   .          Harm     .    c - +4 ring of protection
rCorr   .          Rampage  .    n - ring of protection from fire
Will    .....                    (no ring)
Stlth   +.........               (no ring)
HPRegen 0.27/turn                (no ring)
MPRegen 0.13/turn                (no ring)
                                 (no ring)
                                 (no ring)

@: lethally poisoned (-5 -> -25), glowing
A: almost no armour, amphibious, 8 rings, camouflage 1, gelatinous body 1,
(nimble swimmer 1), tentacles
a: no special abilities


You were on level 5 of the Dungeon.
You visited 1 branch of the dungeon, and saw 5 of its levels.

You collected 209 gold pieces.


Innate Abilities, Weirdness & Mutations

You cannot wear most types of armour.
You are amphibious.
You can wear up to eight rings at the same time.
Your skin changes colour to match your surroundings (Stealth+).
Your rubbery body absorbs attacks. (AC +1, EV +1)
((You are camouflaged when in or above water. (Stealth+)))
You have tentacles for arms and can constrict up to eight enemies at once.


   Skills:
 + Level 3.1 Fighting
 + Level 3.7 Dodging
 - Level 2.6 Stealth
 + Level 3.6 Spellcasting
 + Level 3.3 Conjurations
 + Level 4.4 Fire Magic
 + Level 2.4 Ice Magic


You had 10 spell levels left.
You knew the following spells:

 Your Spells              Type           Power      Damage    Failure   Level
a - Foxfire               Conj/Fire      72%        2x1d7     2%          1
b - Scorch                Fire           40%        2d7       3%          2

Your spell library contained the following spells:

 Spells                   Type           Power      Damage    Failure   Level
 Inner Flame              Hex/Fire       11%        N/A       17%         3
 Kindle Blastsparks       Fire/Tloc/Air  18%        2d11      24%         3
 Flame Wave               Conj/Fire      18%        2d7       28%         4
 Tukima's Dance           Hex            3%         N/A       41%         3
 Passage of Golubria      Tloc           3%         N/A       82%         4
 Freezing Cloud           Conj/Ice/Air   5%         6-21      87%         5
 Yara's Violent Unravell  Hex/Tmut       1%         3d3       99%         5
 Simulacrum               Ice/Necr       4%         N/A       100%        6
 Polar Vortex             Ice            6%         N/A       100%        9

Inventory:

Hand Weapons
 d - a +1 rapier of speed (weapon) {short}
   (You found it on level 1 of the Dungeon)
Missiles
 l - 43 stones {throwing}
 m - 12 poisoned darts {throwing}
 o - 6 boomerangs {throwing}
Armour
 p - an orb of light (worn)
   (You found it on level 2 of the Dungeon)
Jewellery
 c - a +4 ring of protection (left tentacle)
   (You found it on level 1 of the Dungeon)
 k - a ring of fire
   (You found it on level 1 of the Dungeon)
 n - a ring of protection from fire (right tentacle)
   (You found it on level 2 of the Dungeon)
Wands
 t - a wand of iceblast (2)
   (You found it on level 3 of the Dungeon)
Scrolls
 e - 2 scrolls of amnesia {unknown}
 f - a scroll of enchant armour {unknown}
 g - 3 scrolls of fog
 h - a scroll of immolation {unknown}
 j - a scroll of magic mapping {unknown}
 q - a scroll of noise {unknown}
 r - 2 scrolls of teleportation {@r4}
 w - a scroll of blinking {unknown}
Potions
 a - a potion of magic
 i - 8 potions of degeneration {!q@e2}
 s - a potion of flight {unknown}
 u - a potion of cancellation {unknown}
 v - a potion of lignification {unknown}

Dungeon Overview and Level Annotations

Branches:
Dungeon (5/15) Zot: 25764
 Temple: D:4-7

Altars:

#....#########.........####
#.............>.......###..
#....#................# #.#
#....#................# #.#
#.###...####..........# #.#
#.# #~~≈≈≈≈####.###.#####.#
#.# #...#### #.###....##.#
#.# ######.# #.##.....##.#
#.# #@# #...........# #.#
####g#######....#.### #.#
#..gg..# ..........## #.#
#....).# ........#... #.#
#......##........#### #.#
#....$.##........# # #.#
#.g....# ........ # #.#
#......# ........ #
#.#####......# ....... #


You could see a gnoll sergeant and 3 gnolls.


Message History

a +0 halberd of venom {polearm}; a +0 club {mace}; a gnoll corpse 😨 HP[+1]
A gnoll sergeant comes into view.
It is wielding a +0 trident of venom and wearing the +3 ring mail "Ymno" {-Tele rF+ Slay+3}. 😮 HP[+19] MP[+6]
You regained 19 hp, and now have 33/46 hp.
Your mp is fully restored (12).
Casting: Foxfire (safe; 3% risk of failure)
Confirm with . or Enter, or press ? or * to list all spells.
Okay, then.
Casting: Foxfire (safe; 3% risk of failure)
Press: ? - help, Q - select action, (/) - cycle Dir - look around, f - activate You conjure some foxfire!
The gnoll sergeant shouts! 😮 HP[+1] MP[-1]
You lost 1 mp, and now have 11/12 mp.
Casting: Foxfire (safe; 3% risk of failure)
Confirm with . or Enter, or press ? or * to list all spells.
Flames lash the gnoll sergeant.
The gnoll sergeant resists.
The gnoll sergeant's fire resistance burns away.
You hear a shout! x2
The foxfire hits the gnoll sergeant. x2 😮 MP[-2]
You lost 2 mp, and now have 9/12 mp.
Casting: Scorch (safe; 3% risk of failure)
Confirm with . or Enter, or press ? or * to list all spells.
Flames lash the gnoll sergeant but do no damage.
The gnoll sergeant barely misses you. 😮 MP[-2]
You lost 2 mp, and now have 7/12 mp.
Casting: Scorch (safe; 3% risk of failure)
Confirm with . or Enter, or press ? or * to list all spells.
Flames lash the gnoll sergeant.
The gnoll sergeant barely misses you. 😮 MP[-2]
You lost 2 mp, and now have 5/12 mp.
Casting: Foxfire (safe; 3% risk of failure)
Press: ? - help, Q - select action, (/) - cycle Dir - look around, f - activate You conjure some foxfire!
A gnoll comes into view. It is wielding a +2 flail of draining.
The gnoll sergeant misses you. 😕 HP[+1] MP[-1]
You lost 1 mp, and now have 4/12 mp.
Casting: Foxfire (safe; 3% risk of failure)
Press: ? - help, Q - select action, (/) - cycle Dir - look around, f - activate You conjure some foxfire!
The foxfire hits the gnoll sergeant.
The foxfire hits the gnoll sergeant but does no damage.
A gnoll comes into view. It is wielding a +0 long sword.
The gnoll sergeant hits you from afar with a +0 trident of venom. 😮 HP[-2] MP[-1]
You take 2 damage, and now have 33/46 hp.
You lost 1 mp, and now have 3/12 mp.
The gnoll sergeant is no longer more vulnerable to fire.
The foxfire hits the gnoll sergeant but does no damage. x2 😮 MP[+1] 😮 HP[+1]
A gnoll comes into view.
It is wielding a +0 spear. 😕 HP[+1] 😕 MP[+1]
Aiming: Iceblast
Press: ? - help, Q - select action, (/) - cycle Shift-Dir - straight line The mass of ice explodes!
The iceblast engulfs the gnoll sergeant but does no damage.
The iceblast engulfs the gnoll!
You kill the gnoll!
The gnoll sergeant hits you from afar with a +0 trident of venom.
You are poisoned. 😮 HP[-3]
You take 3 damage, and now have 32/46 hp.
Aiming: Iceblast
Press: ? - help, Q - select action, (/) - cycle Shift-Dir - straight line, f - gnoll
Aim: a gnoll, wielding a +0 long sword (haloed)
The mass of ice explodes!
The iceblast engulfs the gnoll sergeant.
The iceblast engulfs the gnoll!
You feel very sick.
The gnoll sergeant hits you from afar with a +0 trident of venom.
* * * LOW HITPOINT WARNING * * *
You are lethally poisoned! 😨 HP[-9]
You take 9 damage, and now have 23/46 hp.
Aiming: Iceblast
Press: ? - help, Q - select action, (/) - cycle Shift-Dir - straight line, p - gnoll The mass of ice explodes!
The iceblast engulfs the gnoll sergeant!
The iceblast engulfs the gnoll!
* * * LOW HITPOINT WARNING * * *
You feel very sick.
A gnoll comes into view. It is wielding a +0 hand axe.
The gnoll sergeant hits you from afar with a +0 trident of venom!
* * * LOW HITPOINT WARNING * * *
You are more poisoned. 😱 HP[-22]
You take 22 damage, and now have 1/46 hp.
MASSIVE DAMAGE!! (PAUSE)
You feel better.
The gnoll sergeant hits you from afar with a +0 trident of venom!
* * * LOW HITPOINT WARNING * * *
You are lethally poisoned!
The gnoll hits you with a +0 long sword.
You die...

Skill      XL: |  1  2  3  4  5  6  7 |
---------------+----------------------+-----
Fighting       | 1 2 3 |  3.1
Conjurations   | 2 3 |  3.3
Ice Magic      | 1 2 |  2.4
Dodging        | 3 |  3.7
Spellcasting   | 3 |  3.6
Fire Magic     | 4 |  4.4
Stealth        | |  2.6

Action                   |  1- 3 |  4- 6 |  7- 9 || total
-------------------------+-------+-------+-------++-------
Melee: Rapier            |    33 |    22 |     3 ||    58
       Constrict         |    10 |     7 |     1 ||    18
       Tentacles         |     5 |     6 |     1 ||    12
       Punch             |     1 |     1 |       ||     2
 Cast: Foxfire           |    59 |   117 |    20 ||   196
       Scorch            |       |       |     4 ||     4
Evoke: Wand              |       |       |     4 ||     4
  Use: Scroll            |       |     4 |       ||     4
       Potion            |       |       |     2 ||     2
 Stab: Sleeping          |     4 |     1 |       ||     5
Armor: Skin              |     6 |     7 |       ||    13
Dodge: Dodged            |    23 |    28 |     9 ||    60

Levels and vault maps discovered:
D:1:      mainiacjoe_arrival_reflecting_pool, layout_basic,
          ebering_ecumenical_altar_rust
D:2:      layout_rooms, grunt_decor_cap
D:3:      layout_basic
D:4:      layout_basic, kennysheep_generic_room_11
D:5:      layout_basic, lemuel_doored_altar, mainiacjoe_overflow_cross_hatched,
          minmay_temple_entry_proselytizer, serial_rivers,
          chequers_serial_rivers_micro_b, chequers_serial_rivers_micro_d,
          chequers_serial_rivers_room_a, chequers_serial_rivers_room_a

Notes
Turn   | Place    | Note
-------+----------+-------------------------------------------
     0 | D:1      | mcwallace the Octopode Fire Elementalist began the quest
                  | for the Orb.
     0 | D:1      | Reached XP level 1. HP: 11/11 MP: 3/3
     0 | D:1      | magus.rc [v1.9.6]
    84 | D:1      | Reached XP level 2. HP: 18/18 MP: 0/5
   287 | D:1      | HP: 1/18 [frozen (4)]
   379 | D:1      | You add the spells Tukima's Dance, Passage of Golubria and
                  | Yara's Violent Unravelling to your library.
   412 | D:1      | Reached XP level 3. HP: 22/22 MP: 1/6
   416 | D:1      | Reached skill level 1 in Fighting
   774 | D:1      | Found a faded altar of an unknown god.
  1084 | D:2      | Learned a level 2 spell: Scorch
  1340 | D:2      | Reached XP level 4. HP: 24/28 MP: 0/7
  1411 | D:2      | You pick up a book of Ice and begin reading...
  1411 | D:2      | You add the spells Freezing Cloud, Simulacrum and Polar
                  | Vortex to your library.
  1652 | D:2      | Reached skill level 2 in Conjurations
  2343 | D:3      | Reached XP level 5. HP: 31/34 MP: 1/8
  3026 | D:4      | Reached skill level 2 in Fighting
  3026 | D:4      | Reached skill level 1 in Ice Magic
  3346 | D:4      | Reached skill level 3 in Dodging
  3346 | D:4      | Reached skill level 3 in Spellcasting
  3346 | D:4      | Reached XP level 6. HP: 30/39 MP: 0/10
  3732 | D:5      | Entered Level 5 of the Dungeon
  3752 | D:5      | Reached skill level 4 in Fire Magic
  3782 | D:5      | Noticed an ice beast
  3789 | D:5      | Killed an ice beast
  3790 | D:5      | Reached skill level 2 in Ice Magic
  3790 | D:5      | Reached XP level 7. HP: 33/45 MP: 0/12
  3982 | D:5      | Reached skill level 3 in Conjurations
  4026 | D:5      | Reached skill level 3 in Fighting
  4230 | D:5      | Identified the +3 ring mail "Ymno" {-Tele rF+ Slay+3}
  4248 | D:5      | HP: 1/46 [gnoll sergeant/+0 trident of venom (16)]
  4249 | D:5      | Slain by a gnoll

Vanquished Creatures
  2 ice beasts (D:5)
  A necrophage (D:5)
  A scorpion (D:4)
  A howler monkey (D:5)
  A hound (D:5)
  An orc priest (D:4)
  A jelly (D:5)
  An orc wizard (D:4)
  7 gnolls
  6 adders
  4 worms
  2 dart slugs (D:1)
  5 orcs
  9 ball pythons
  6 bats
  5 endoplasms
  7 giant cockroaches
  3 goblins
  6 hobgoblins
  5 jackals (D:1)
  4 quokkas
  A frilled lizard (D:1)
  2 kobolds
  3 rats
84 creatures vanquished.

Vanquished Creatures (others)
  327 foxfires
327 creatures vanquished.

Grand Total: 411 creatures vanquished

Table legend:
 A = Non-vault XP
 B = Vault XP
 C = Vault XP percentage of total XP
 D = Non-vault monster count
 E = Vault monster count
 F = Vault count percentage of total count
                 A         B        C        D         E       F
            +---------+---------+-------+---------+---------+-------
      Total |     963 |       0 |   0.0 |      84 |       0 |   0.0
            +---------+---------+-------+---------+---------+-------
        D:1 |      52 |       0 |   0.0 |      26 |       0 |   0.0
        D:2 |      78 |       0 |   0.0 |      22 |       0 |   0.0
        D:3 |      63 |       0 |   0.0 |      12 |       0 |   0.0
        D:4 |     214 |       0 |   0.0 |      13 |       0 |   0.0
        D:5 |     556 |       0 |   0.0 |      11 |       0 |   0.0
            +---------+---------+-------+---------+---------+-------

Illustrated notes

Table legend:
 A = Kills in this place as a percentage of kills in entire the game.
 B = Kills by you in this place as a percentage of kills by you in the entire game.
 C = Kills by friends in this place as a percentage of kills by friends in the entire game.
 D = Other kills in this place as a percentage of other kills in the entire game.
 E = Experience gained in this place as a percentage of experience gained in the entire game.
 F = Experience gained in this place divided by the number of levels of this place that you have seen.
                   A       B       C       D       E      F
               +-------+-------+-------+-------+-------+----------------------
         Total | 100.0 | 100.0 |   N/A |   N/A | 100.0 | 192.6
       Dungeon | 100.0 | 100.0 |   N/A |   N/A | 100.0 | 192.6
               +-------+-------+-------+-------+-------+----------------------

Table legend: (Time is in decaauts)
 A = Elapsed time spent in this place.
 B = Non-inter-level travel time spent in this place.
 C = Inter-level travel time spent in this place.
 D = Time resting spent in this place.
 E = Time spent auto-exploring this place.
 F = Levels seen in this place.
 G = Mean time per level.
                   A        B        C        D        E       F      G
               +--------+--------+--------+--------+--------+-----+--------+
         Total |   4234 |   4161 |     73 |    110 |   3463 |   5 |  846.8 |
       Dungeon |   4234 |   4161 |     73 |    110 |   3463 |   5 |  846.8 |
               +--------+--------+--------+--------+--------+-----+--------+

Top non-repeatable levels by time:
     D:1: 1068 daAuts
     D:2: 1058 daAuts
     D:3: 871 daAuts
     D:4: 721 daAuts
     D:5: 514 daAuts
